 Dungeon Crawl Stone Soup version 0.17-a0-1804-gf6433eb (webtiles) character file.

18 masdan the Grasshopper (level 2, 0/19 HPs)
             Began as a Halfling Warper on Sept 11, 2015.
             Slain by a jackal (1 damage)
             ... on level 1 of the Dungeon.
             The game lasted 00:04:10 (583 turns).

masdan the Grasshopper (Halfling Warper)             Turns: 583, Time: 00:04:10

Health: 0/19       AC:  3    Str: 11    XL:     2   Next: 85%
Magic:  4/4        EV: 14    Int: 12    God:
Gold:   34         SH:  0    Dex: 13    Spells: 2 memorised, 1 level left

rFire  . . .     SeeInvis .     a - +0 short sword
rCold  . . .     Clarity  .     b - +0 leather armour
rNeg   . . .     SustAt   .     (shield restricted)
rPois  .         Gourm    .     (no helmet)
rElec  .         Spirit   .     (no cloak)
rCorr  .         Warding  .     (no gloves)
rMut   .         Stasis   .     (no boots)
MR     .....                    (no amulet)
Stlth  +.........               (no ring)
                                (no ring)

@: not resistant to hostile enchantments, very unstealthy
A: mutation resistance 1
a: no special abilities


You were on level 1 of the Dungeon.
You were not hungry.

You visited 1 branch of the dungeon, and saw 1 of its levels.

You collected 34 gold pieces.

Inventory:

Hand weapons
 a - a +0 short sword (weapon)
 g - a +0 whip
 h - a cursed -3 dagger
Missiles
 e - 16 stones (quivered)
 i - 11 bolts
 j - 10 sling bullets of frost
Armour
 b - a +0 leather armour (worn)
Scrolls
 d - a scroll of blinking
 k - a scroll of amnesia {unknown}
 m - a scroll of enchant weapon {unknown}
 n - a scroll of teleportation {unknown}
Potions
 l - 2 potions of brilliance {unknown}
Books
 c - a book of Spatial Translocations

   Spells                             Type                      Level
   a - Apportation                    Translocation                1
   b - Blink                          Translocation                2
   c - Shroud of Golubria             Charms/Translocation         2
   d - Portal Projectile              Translocation                3
   e - Teleport Other                 Translocation                3
   f - Passage of Golubria            Translocation                4
Comestibles
 f - 2 bread rations


   Skills:
 + Level 1.8 Fighting
 + Level 2.9 Short Blades
 + Level 1.3 Throwing
 + Level 1.2 Armour
 + Level 2.5 Dodging
 + Level 1.7 Spellcasting
 + Level 3.7 Translocations


You had one spell level left.
You knew the following spells:

 Your Spells              Type           Power        Failure   Level  Hunger
a - Apportation           Tloc           #.........   10%         1    ##.....
b - Shroud of Golubria    Chrm/Tloc      #.........   30%         2    ###....


Dungeon Overview and Level Annotations

Branches:
Dungeon (1/15)

Altars:
Xom


Innate Abilities, Weirdness & Mutations

You are small and have problems with some larger weapons.
You are somewhat resistant to further mutation.


Message History

Found a sapphire potion.
Found a scroll labeled WECOSA UTZE.
Found a garnet ring.
The jackal barely misses you. The jackal bites you.
* * * LOW HITPOINT WARNING * * *
The jackal misses you.
The jackal bites you but does no damage.
Okay, then.
Okay, then.
You hit the jackal.
The jackal is moderately wounded.
The jackal barely misses you.
You hit the jackal.
The jackal is severely wounded.
The jackal bites you.
* * * LOW HITPOINT WARNING * * *
You hit the jackal.
You kill the jackal!
The jackal bites you.
You die...

#.####.#.............#.....
#.#..#.....#...#....##..# .
#.#.........#......##.†.#..
#######..............#..##.......
...#.........##........##....###.
.............##..#..h###.....# #.
..........#........#.........# .
...............####.h....#####
.............#..@##h#....#### ###
.>.....>...#..##h..h........###..
)................h...............
##...###......##..#..##.####.....
##.#.............#..#...###......
#...........................##...
#.....#######....#.....#######...
###...##...##.......##.# ##..
##..#.##'.#.......##.##########


You could see 3 jackals.

Vanquished Creatures
  6 hobgoblins (D:1)
  2 jackals (D:1)
  2 bats (D:1)
  2 giant cockroaches (D:1)
  2 kobolds (D:1)
  3 rats (D:1)
17 creatures vanquished.

Notes
Turn   | Place    | Note
--------------------------------------------------------------
     0 | D:1      | masdan the Halfling Warper began the quest for the Orb.
     0 | D:1      | Reached XP level 1. HP: 14/14 MP: 3/3
   138 | D:1      | Reached XP level 2. HP: 8/19 MP: 4/4
   250 | D:1      | Learned a level 2 spell: Shroud of Golubria
   397 | D:1      | Found a shimmering altar of Xom.
   583 | D:1      | Slain by a jackal

Vault maps used:
D:1:      minmay_arrival_stone_box, minmay_misc_feat_enclosed,
          hangedman_decor_opposing, xom_teletrap_fun

Action                   || total
-------------------------++-------
Melee: Short sword       ||    60
Throw: Tomahawk          ||     5
       Stone             ||    13
 Cast: Apportation       ||     1
       Shroud of Golubri ||     2
